 Dungeon Crawl Stone Soup version 0.17-a0-1470-g474c87d (webtiles) character file.

248 Vlagh the Changer (level 6, 37/41 HPs)
             Began as an Octopode Transmuter on July 1, 2015.
             Was a Follower of Fedhas.
             Quit the game on level 3 of the Dungeon.
             The game lasted 00:13:47 (3627 turns).

Vlagh the Changer (Octopode Transmuter)             Turns: 3627, Time: 00:13:48

Health: 37/41      AC:  1    Str:  9    XL:     6   Next: 12%
Magic:  5/9        EV: 13    Int: 18    God:    Fedhas [*.....]
Gold:   172        SH:  0    Dex: 12    Spells: 3 memorised, 3 levels left

rFire  . . .     SeeInvis .       - Unarmed
rCold  . . .     Clarity  .     (no shield)
rNeg   . . .     SustAt   .     (helmet restricted)
rPois  .         Gourm    .     (no amulet)
rElec  .         Spirit   .     (no ring)
rCorr  .         Warding  .     (no ring)
rMut   .         Stasis   .     (no ring)
MR     .....                    (no ring)
Stlth  ++........               (no ring)
                                (no ring)
                                (no ring)
                                (no ring)

@: very slightly contaminated, not resistant to hostile enchantments, unstealthy
A: almost no armour, amphibious, 8 rings, constrict 8, camouflage 1, gelatinous
body 1
a: Evolution, Renounce Religion


You were on level 3 of the Dungeon.
You worshipped Fedhas.
Fedhas was aware of your devotion.
You were not hungry.

You visited 1 branch of the dungeon, and saw 3 of its levels.

You collected 172 gold pieces.

Inventory:

Missiles
 a - 41 arrows
Magical devices
 e - a wand of lightning (8)
Scrolls
 g - a scroll of fear
 j - a scroll of remove curse {unknown}
 k - a scroll of noise {unknown}
 l - 3 scrolls of identify
Potions
 d - a potion of agility
 f - a potion of flight
Books
 b - a book of Changes

   Spells                             Type                      Level
   a - Beastly Appendage              Transmutation                1
   b - Sticks to Snakes               Transmutation                2
   c - Spider Form                    Transmutation/Poison         3
   d - Ice Form                       Ice/Transmutation            4
   e - Blade Hands                    Transmutation                5
Comestibles
 c - 2 bread rations
 h - 3 chunks of flesh
 i - a meat ration


   Skills:
 + Level 2.5 Fighting
 + Level 2.8 Dodging
 * Level 4.0 Unarmed Combat
 - Level 2.0 Spellcasting
 - Level 4.0 Transmutations
 - Level 2.0 Poison Magic


You had 3 spell levels left.
You knew the following spells:

 Your Spells              Type           Power        Failure   Level  Hunger
a - Beastly Appendage     Trmt           ###...       3%          1    #......
b - Sticks to Snakes      Trmt           ###.......   6%          2    ###....
c - Spider Form           Trmt/Pois      ##........   17%         3    ###....


Dungeon Overview and Level Annotations

Branches:
Dungeon (3/15)

Altars:
Fedhas


Innate Abilities, Weirdness & Mutations

You cannot wear most types of armour.
You are amphibious.
You can wear up to eight rings at the same time.
You can use your tentacles to constrict eight enemies at once.
Your skin changes colour to match your surroundings (Stealth).
Your rubbery body absorbs attacks (AC +1).


Message History

The worm closely misses you.
You hit the worm.
The worm is poisoned.
The worm is moderately wounded.
You hit the worm.
The worm looks even sicker.
The worm is severely wounded.
The worm completely misses you.
You hit the worm but do no damage.
The worm is severely wounded.
You bite the worm!
You kill the worm!
Your transformation has ended.
Found 13 gold pieces.
There is a faded altar to an unknown god here.
This altar will convert you to a god.
You cannot discern which.
Do you pray? Fedhas accepts your prayer! Fedhas welcomes you!
You can now call upon Fedhas to speed up the decay of corpses.
The plants of the dungeon cease their hostilities.
You can now induce evolution.
Are you sure you want to abandon this character and quit the game? (Confirm with "yes".)

# ##........#.#.# .$
..##.............#
#.#
##..........###.###
..###..##...........#
..#...###.....######
#............# ####
#...8........# #...
#..8.8...##### ##.##
#.8.@.8..# ##.#.#
#..8.8...# #.###.
#...8....# ##.#.#
#........# ##.##
#####....# #.# ######
#.# #.# #.# ####.##


There were no monsters in sight!

Vanquished Creatures
  Ijyb (D:3)
  An orc wizard (D:3)
  A worker ant (D:3)
  3 gnolls (D:3)
  5 adders
  4 worms
  3 giant geckos
  6 orcs (D:3)
  8 bats
  3 giant cockroaches
  11 goblins
  6 hobgoblins
  2 jackals (D:2)
  A quokka (D:2)
  3 giant newts
  8 kobolds
  7 rats
73 creatures vanquished.

Notes
Turn   | Place    | Note
--------------------------------------------------------------
     0 | D:1      | Vlagh the Octopode Transmuter began the quest for the Orb.
     0 | D:1      | Reached XP level 1. HP: 13/13 MP: 3/3
   355 | D:1      | Reached XP level 2. HP: 18/18 MP: 3/5
   359 | D:1      | Learned a level 2 spell: Sticks to Snakes
   854 | D:2      | Reached XP level 3. HP: 8/23 MP: 4/6
  1060 | D:2      | Learned a level 3 spell: Spider Form
  1100 | D:2      | Reached skill level 1 in Poison Magic
  1579 | D:2      | Reached XP level 4. HP: 15/28 MP: 5/7
  1897 | D:2      | Reached skill level 4 in Transmutations
  2507 | D:3      | Reached XP level 5. HP: 11/33 MP: 3/8
  2621 | D:3      | HP: 1/34 [poisoned by a worker ant]
  2994 | D:3      | Noticed Ijyb
  3009 | D:3      | Killed Ijyb
  3269 | D:3      | Reached XP level 6. HP: 34/39 MP: 5/9
  3607 | D:3      | Found a faded altar to an unknown god.
  3626 | D:3      | Became a worshipper of Fedhas Madash
  3626 | D:3      | Acquired Fedhas's first power
  3627 | D:3      | Quit the game

Vault maps used:
D:1:      mrwooster_arrival_statue_3, st_stairs_8, minivault_25
D:2:      minivault_27
D:3:      ecumenical_altar_2, first_bread, corexii_hall_statues_i,
          hangedman_decor_peaks_small, minmay_door_square, uniq_iyjb,
          uniq_natasha

Action                   |  1- 3 |  4- 6 || total
-------------------------+-------+-------++-------
Melee: Unarmed           |    83 |   124 ||   207
 Cast: Beastly Appendage |    19 |     7 ||    26
       Spider Form       |     4 |    12 ||    16
  Use: Potion            |     3 |     1 ||     4
       Scroll            |       |     6 ||     6
 Stab: Sleeping          |     3 |       ||     3
  Eat: Chunk             |     3 |     9 ||    12
